 Dungeon Crawl Stone Soup version 0.27.1-33-g824d729ab1 (webtiles) character file.

Game seed: 15195869493375561708

89 comborobin the Sneak (level 4, 0/28 HPs)
             Began as a Kobold Delver on Dec 28, 2021.
             Killed from afar by an orc wizard (4 damage)
             ... with a puff of flame
             ... on level 6 of the Dungeon.
             The game lasted 00:00:49 (209 turns).

comborobin the Sneak (Kobold Delver)                 Turns: 209, Time: 00:00:49

Health: 0/28       AC:  3    Str:  9    XL:     4   Next: 84%
Magic:  4/4        EV: 14    Int: 11    God:
Gold:   15         SH:  0    Dex: 17    Spells: 3/3 levels left

rFire    . . .     SeeInvis .   i - +0 dagger (protect)
rCold    . . .     Faith    .   (shield restricted)
rNeg     . . .     Spirit   .   b - +0 leather armour
rPois    .         Reflect  .   (no helmet)
rElec    .         Harm     .   (no cloak)
rCorr    .         Rampage  .   (no gloves)
Will     .....                  (no boots)
Stlth    ++++......             (no amulet)
HPRegen  0.09/turn              (no ring)
MPRegen  0.09/turn              (no ring)

@: hasted, very quick
A: small, no large weapons, nightstalker 3
a: no special abilities


You were on level 6 of the Dungeon.
You visited 1 branch of the dungeon, and saw 2 of its levels.

You collected 15 gold pieces.

Inventory:

Hand Weapons
 a - a +0 short sword
 h - a +0 falchion of flaming
 i - a +0 dagger of protection (weapon)
Armour
 b - a +0 leather armour (worn)
 j - a +0 kite shield
Wands
 g - a wand of digging (3)
Scrolls
 c - 2 scrolls of fog
 d - a scroll of magic mapping
 e - a scroll of fear


   Skills:
 - Level 3.2 Fighting
 + Level 6.2 Short Blades
 - Level 2.4 Dodging
 - Level 6.6 Stealth


You had 3 spell levels left.
You didn't know any spells.
Your spell library was empty.

Dungeon Overview and Level Annotations

Branches:
Dungeon (6/15)
 Temple: D:4-7

Altars:

Annotations:
D:6 exclusion: gnoll


Innate Abilities, Weirdness & Mutations

You are small and have problems with some larger weapons.
You are completely attuned to the shadows.


Message History

The orc is almost dead.
You barely miss the orc. The orc closely misses you.
An orc comes into view. It is wielding a +0 club.
You closely miss the orc. The orc completely misses you.
The orc closely misses you.
You hit the orc.
The orc is lightly wounded.
The orc misses you. The orc completely misses you.
An orc wizard comes into view.
It is wielding a +1 dagger of holy wrath.
You closely miss the orc.
The orc is almost dead.
You hit the orc.
The orc is heavily wounded.
The orc misses you. The orc completely misses you.
The orc wizard closely misses you.
You hit the orc.
The orc is almost dead.
The orc hits you with a +2 hand axe of flaming.
The orc burns you.
The orc wizard gestures wildly while chanting.
The orc wizard flickers and vanishes!
Deactivating autopickup; reactivate with Ctrl-A.
The orc completely misses you.
You hit the orc.
You kill the orc!
The orc wizard misses you.
The orc hits you with a +2 hand axe of flaming.
The orc burns you.
Unknown command.
You feel yourself speed up.
The orc wizard hits you but does no damage.
Something hits you but does no damage.
The orc wizard gestures at you while chanting.
The magic dart hits you!
* * * LOW HITPOINT WARNING * * *
There is a stone staircase leading up here.
You can't go down here!
The orc wizard points at you and mumbles some strange words.
The puff of flame hits you.
You die...

#.. ..# ##..####
#.#
.......#######.##
#..............#
#.)@.[#######).#
#..............#
##.{..########.#
#o...########.###
#..oo...........##
#..)...............
##..#########.#...g
....# #.##### ###.
..#


You could see an orc wizard and 2 orcs.

Vanquished Creatures
  An ogre (D:6)
  5 orcs
6 creatures vanquished.

Notes
Turn   | Place    | Note
-------+----------+-------------------------------------------
     0 | D:5      | comborobin the Kobold Delver began the quest for the Orb.
     0 | D:5      | Reached XP level 1. HP: 14/14 MP: 1/1
    44 | D:5      | Reached XP level 2. HP: 13/19 MP: 2/2
   132 | D:5      | Noticed a sky beast
   157 | D:6      | Noticed an ogre
   161 | D:6      | Killed an ogre
   162 | D:6      | Reached XP level 3. HP: 22/23 MP: 3/3
   162 | D:6      | Reached XP level 4. HP: 26/28 MP: 4/4
   209 | D:6      | Killed from afar by an orc wizard

Illustrated notes

Levels and vault maps discovered:
D:5:      layout_rooms, gammafunk_temple_overflow_pools,
          ebering_ghost_rock_garden, serial_shops, shop, minivault_24
D:6:      minmay_cornered_nines, layout_loops_ring, nzn_wu_jian_contemplation,
          uniq_sigmund, uniq_menkaure

Skill      XL: |  1  2 |
---------------+-------+-----
Short Blades   | 3 6 |  6.2
Fighting       | |  3.2
Dodging        | |  2.4
Stealth        | |  6.6

Action                   |  1- 3 |  4- 6 || total
-------------------------+-------+-------++-------
Melee: Short sword       |     6 |       ||     6
       Falchion          |     5 |       ||     5
       Dagger            |     1 |    10 ||    11
  Use: Potion            |       |     1 ||     1
 Stab: Sleeping          |     1 |       ||     1
Armor: Leather armour    |     1 |     2 ||     3
Dodge: Dodged            |    13 |    11 ||    24
       Rpst.: Falchion   |     1 |       ||     1
